 Dungeon Crawl Stone Soup version 0.29-a0-1065-g47a6bb87d6 (webtiles) character file.

Game seed: 17621481721930377754

161534 Zeldest the Severer (level 17, -6/142 HPs)
             Began as a Vine Stalker Berserker on Aug 18, 2022.
             Was a High Priest of Trog.
             Killed from afar by a quicksilver dragon (25 damage)
             ... with a bolt of dispelling energy
             ... on level 4 of the Snake Pit.
             The game lasted 00:41:46 (22631 turns).

Zeldest the Severer (Vine Stalker Berserker)       Turns: 22631, Time: 00:41:47

Health: -6/142     AC: 28    Str: 23    XL:     17   Next: 79%
Magic:  0/18       EV:  5    Int: 14    God:    Trog [*****.]
Gold:   519        SH: 36    Dex: 19    Spells: 16/16 levels left

rFire   + . .      SeeInvis .   a - +9 broad axe (vorpal)
rCold   + + .      Faith    .   C - +18 shield of the Gong {rElec rN+ Will+ EV-5}
rNeg    + . .      Spirit   +   X - +1 plate armour "Louvvu" {rC+ Regen+ Dex-3}
rPois   +          Reflect  +   (no helmet)
rElec   +          Harm     .   S - +2 cloak
rCorr   .          Rampage  .   x - +5 pair of gloves "Epnedong" {Int+2}
Will    +++++                   D - +0 pair of boots
Stlth   ..........              n - amulet of reflection
HPRegen 2.93/turn               U - ring "Hijim" {rPois rF+ Str-3 Int+5}
MPRegen 0.16/turn               B - ring "Lynned" {rPois rC+ Will+ Dex+6 Slay+2}

@: berserking, weakened, strong-willed, regenerating, very quick
A: fangs 3, regeneration 1, magic shield, antimagic bite, no potion heal 2
a: Renounce Religion, Berserk, Trog's Hand, Brothers in Arms


You were on level 4 of the Snake Pit.
You worshipped Trog.
Trog was extremely pleased with you.
You visited 5 branches of the dungeon, and saw 27 of its levels.
You also visited: Trove, Gauntlet and Ice Cave.

You collected 2441 gold pieces.
You spent 1922 gold pieces at shops.

Inventory:

Hand Weapons
 a - a +9 vorpal broad axe (weapon)
 b - a +3 broad axe of flaming
Armour
 x - the +5 pair of gloves "Epnedong" (worn) {Int+2}
   (You found it in a Gauntlet)

   Int:       It affects your intelligence (+2).
 C - the +18 shield of the Gong (worn) {rElec rN+ Will+ EV-5}
   (You found it on level 8 of the Dungeon)

   It is deafeningly noisy when blocking attacks.
   EV:        It affects your evasion (-5).
   rElec:     It insulates you from electricity.
   rN:        It protects you from negative energy.
   Will:      It increases your willpower.
 D - a +0 pair of boots (worn)
 S - a +2 cloak (worn)
 X - the +1 plate armour "Louvvu" (worn) {rC+ Regen+ Dex-3}
   (You bought it in a shop on level 2 of the Orcish Mines)

   Dex:       It affects your dexterity (-3).
   rC:        It protects you from cold.
   Regen:     It increases your rate of health regeneration.
Jewellery
 f - the ring "Cinoemp" {rPois EV+4 Str+3}
   (You found it on level 2 of the Dungeon)

   [ring of evasion]

   EV:        It affects your evasion (+4).
   Str:       It affects your strength (+3).
   rPois:     It protects you from poison.
 m - a ring of flight
 n - an amulet of reflection (around neck)
 p - the ring "Fisuv" {rPois rCorr}
   (You found it in a Gauntlet)

   [ring of resist corrosion]

   rPois:     It protects you from poison.
   rCorr:     It protects you from acid and corrosion.
 B - the ring "Lynned" (right hand) {rPois rC+ Will+ Dex+6 Slay+2}
   (You found it in a treasure trove)

   [ring of dexterity]

   Dex:       It affects your dexterity (+6).
   Slay:      It affects your accuracy & damage with ranged weapons and melee
   (+2).
   rC:        It protects you from cold.
   rPois:     It protects you from poison.
   Will:      It increases your willpower.
 G - the ring "Povia" {rElec MP+9}
   (You found it in a treasure trove)

   [ring of magical power]

   rElec:     It insulates you from electricity.
   MP:        It affects your magic capacity (+9).
 M - the ring "Xaiv" {Ice rElec Int-2 Dex+4 SInv}
   (You found it on level 2 of the Lair of Beasts)

   [ring of ice]

   It enhances your ice magic.
   Int:       It affects your intelligence (-2).
   Dex:       It affects your dexterity (+4).
   rF:        It makes you vulnerable to fire.
   rC:        It protects you from cold.
   rElec:     It insulates you from electricity.
   SInv:      It lets you see invisible.
 U - the ring "Hijim" (left hand) {rPois rF+ Str-3 Int+5}
   (You found it in a treasure trove)

   [ring of protection from fire]

   Str:       It affects your strength (-3).
   Int:       It affects your intelligence (+5).
   rF:        It protects you from fire.
   rPois:     It protects you from poison.
 V - the ring of Dogma {*Corrode rPois Will+ Str+2 Int+6}
   (You took it off a minotaur in a Gauntlet)

   [ring of intelligence]

   Str:       It affects your strength (+2).
   Int:       It affects your intelligence (+6).
   rPois:     It protects you from poison.
   *Corrode:  It may corrode you when you take damage.
   Will:      It increases your willpower.
Wands
 g - a wand of roots (3)
 i - a wand of charming (20)
 v - a wand of flame (44)
 w - a wand of digging (2)
 J - a wand of mindburst (32)
Scrolls
 d - 7 scrolls of noise
 e - 6 scrolls of teleportation
 k - 2 scrolls of summoning
 l - 9 scrolls of enchant armour
 q - 3 scrolls of fear
 s - 2 scrolls of immolation
 u - 5 scrolls of fog
 E - 5 scrolls of magic mapping
 F - 2 scrolls of silence
 L - 4 scrolls of poison
 R - a scroll of brand weapon
Potions
 c - 10 potions of curing
 j - 2 potions of attraction
 o - 6 potions of might
 r - 2 potions of lignification
 t - a potion of heal wounds {unknown}
 z - a potion of flight
 A - a potion of resistance
 I - 3 potions of cancellation
 K - 8 potions of mutation {unknown}
 N - 4 potions of berserk rage
 O - 2 potions of magic {unknown}
 P - a potion of haste {unknown}
 Q - a potion of experience {unknown}
 W - 2 potions of invisibility {unknown}
Miscellaneous
 y - a lightning rod (4/4)
 H - a condenser vane
 T - a phantom mirror


   Skills:
 + Level 13.0 Fighting
 * Level 17.8 Axes
 + Level 11.9 Armour
 + Level 8.1 Dodging
 + Level 11.3 Shields
 + Level 6.4 Evocations


You had 16 spell levels left.
You didn't know any spells.
Your spell library contained the following spells:

 Spells                   Type           Power      Damage    Failure   Level
 Apportation              Tloc           0%         N/A       100%        1
 Necrotise                Necr           0%         1d4       100%        1
 Summon Small Mammal      Summ           0%         N/A       100%        1
 Olgreb's Toxic Radiance  Pois           0%         N/A       100%        4
 Ozocubu's Refrigeration  Ice            0%         4d7       100%        7
 Ignition                 Fire           0%         3d3       100%        8


Dungeon Overview and Level Annotations

Branches:
Dungeon (15/15)            Temple (1/1) D:7            Lair (5/5) D:10
  Swamp (0/4) Lair:3        Snake (4/4) Lair:3        Slime (0/5) Lair:5
    Orc (2/2) D:9             Elf (0/3) Orc:2        Vaults (0/5) D:13
 Depths (0/4) D:15          IceCv (visited)         Gauntlet (visited)

Altars:
Ashenzari
Cheibriados
Elyvilon
Gozag
Hepliaklqana
Makhleb
Nemelex Xobeh
Qazlal
Ru
Sif Muna
Vehumet
Wu Jian
Xom
Yredelemnul
The Shining One
Lugonu

Shops:
D:11 (   Orc:2 *([=   Snake:1 ::=?   Snake:2 *=(

Portals:
Abyss: Lair:5

Annotations:
D:2 exclusion: 3 doors
Snake:4 2 transporters


Innate Abilities, Weirdness & Mutations

You have razor-sharp teeth.
Your natural rate of healing is unusually fast.
When hurt, damage is shared between your health and your magic reserves.
Your bite disrupts and absorbs the magic of your enemies.
Potions cannot restore your health.


Message History

The guardian serpent hits you but does no damage.
You block the black mamba's attack.
BOUMMMMG!
You block the guardian serpent's attack.
PTOANNNG!
You block the guardian serpent's attack.
PTOANNNG!
You hear an angry hiss. x2
You slash the guardian serpent! Your bite misses the guardian serpent.
The guardian serpent is heavily wounded.
You slice the black mamba!!
You kill the black mamba!
Trog accepts your kill.
You slash the guardian serpent!
Your attack snaps the guardian serpent out of its fear.
You slash the nagaraja! You slash the quicksilver dragon!
You block the nagaraja's attack.
GONNNNG!
You block the nagaraja's attack.
GONNNNG!
The guardian serpent completely misses you.
You block the quicksilver dragon's attack.
GONNNNG!
You block the quicksilver dragon's attack.
GONNNNG!
The guardian serpent hits you but does no damage.
You slash the guardian serpent!
You bite the guardian serpent, but do no damage.
The guardian serpent is almost dead.
You slash the guardian serpent! You barely miss the nagaraja.
You closely miss the quicksilver dragon.
The nagaraja hits you but does no damage.
You block the nagaraja's attack.
GONNNNG!
You block the guardian serpent's attack.
PANG!
The quicksilver dragon breathes dispelling energy at you.
The bolt of dispelling energy hits you!!
You feel strangely stable.
Your magical effects are unravelling.
You die...

###......#########.....#
#......##.....###.#.##
#########.....# #.#.#
#.....# #.#.#
#...<.###.#.#
#........)..#
#...........#
####†S......# #@NS.....#
#SDS.....# #SN......#
#...S....# ##N...S...#
.##8........#
.........N..#
.NN..####N#.#
......####§#.#


You could see a quicksilver dragon (catching breath), a nagaraja (fast, very
poisoned), a naga sharpshooter, a salamander tyrant, a salamander mystic, a
salamander, an anaconda, 5 guardian serpents and a black mamba.

Vanquished Creatures
  Jorgrun (Snake:1)
  A quicksilver dragon (Snake:4)
  Kirke (Lair:3)
  3 frost giants (IceCv)
  3 nagarajas (Snake:4)
  An orc warlord (Orc:2)
  A white draconian (IceCv)
  Snorg (Orc:1)
  A minotaur (Gauntlet)
  The ghost of Newt the Spear-Bearer, a journeyman DsGl of Okawaru (D:12)
  Josephine (Orc:1)
  6 ice dragons (IceCv)
  6 boulder beetles
  Harold (Orc:1)
  3 salamander tyrants
  3 hydras
  Erica (D:9)
  5 centaur warriors
  7 ironbound frosthearts (IceCv)
  6 anacondas
  9 naga warriors
  An ogre mage (D:15)
  10 two-headed ogres
  A dancing weapon (D:13)
  6 death yaks (Lair:3)
  3 thrashing horrors (Lair:5)
  6 naga sharpshooters
  A shock serpent (Snake:3)
  3 orc high priests (Orc:2)
  Sonja (Lair:3)
  2 salamander mystics
  3 sixfirhies (Gauntlet)
  3 skeletal warriors (D:13)
  A naga ritualist (Snake:2)
  A spriggan simulacrum (D:14)
  An orange crystal statue (IceCv)
  An orc knight (Orc:2)
  A necromancer (D:15)
  8 orc sorcerers
  A wizard (D:15)
  A manticore (D:14)
  14 ugly things
  5 deep elf pyromancers
  3 cyclopes
  15 salamanders
  7 elephants
  6 guardian serpents
  11 naga magi
  2 vault sentinels (D:7)
  A smoke demon (Lair:5)
  35 black mambas
  2 centaur zombies (D:15)
  Joseph (D:7)
  An ice statue (Gauntlet)
  8 cane toads
  2 minotaur zombies (Gauntlet)
  2 gargoyles
  3 centaur skeletons (D:15)
  A large abomination (Lair:5)
  Maggie (D:7)
  13 rime drakes
  An efreet (D:15)
  A tengu conjurer (D:13)
  5 komodo dragons
  A kobold demonologist (D:13)
  A troll (shapeshifter) (D:13)
  3 trolls
  3 ancient zymes (Lair:5)
  A wolf spider simulacrum (Gauntlet)
  12 polar bears
  19 blink frogs
  21 slime creatures
  5 dream sheep (Lair:5)
  A dire elephant simulacrum (D:14)
  A spriggan (Lair:5)
  9 wraiths
  2 centaur simulacra (Gauntlet)
  3 ynoxinuls (Lair:5)
  A human (shapeshifter) (D:13)
  6 wyverns
  37 yaks
  3 minotaur simulacra (D:14)
  8 small abominations (Lair:5)
  2 chaos spawn (Lair:5)
  7 hogs (Lair:3)
  10 vampire mosquitoes
  8 redbacks (D:15)
  4 basilisks
  A warg (Orc:2)
  A harpy simulacrum (D:14)
  20 nagas
  2 acid dragons
  18 water moccasins
  A floating eye (shapeshifter) (D:13)
  A black bear (shapeshifter) (D:14)
  2 black bears
  28 orc warriors
  4 ogres
  10 wolves
  20 centaurs
  2 kobold brigands
  A gnoll sergeant (D:8)
  10 bullfrogs
  A necrophage (D:4)
  4 scorpions
  8 wights
  A lindwurm simulacrum (D:14)
  A vampire bat (D:3)
  7 howler monkeys
  2 electric eels
  A lava snake (Snake:1)
  A wyvern simulacrum (Gauntlet)
  3 jellies
  4 hounds
  An iguana (D:6)
  10 orc priests
  Jessica (D:2)
  23 orc wizards
  10 gnolls
  9 adders
  2 white imps
  An ufetubus (D:7)
  2 worms
  3 dart slugs
  3 fire bats (D:3)
  53 orcs
  2 spectral bats (D:3)
  3 bat skeletons (D:3)
  A bat zombie (D:3)
  5 endoplasms
  2 giant cockroaches
  10 goblins
  2 hobgoblins
  3 jackals (D:2)
  5 quokkas
  5 ball pythons
  11 bats
  A bat simulacrum (D:3)
  6 frilled lizards
  19 kobolds
  2 rats
774 creatures vanquished.

Vanquished Creatures (collateral kills)
  A centaur warrior (D:13)
  A naga warrior (Snake:2)
  A dancing weapon (D:13)
  Nergalle (Orc:1)
  2 skeletal warriors (D:13)
  An orc knight (Orc:2)
  2 salamanders
  A black mamba (Snake:1)
  A rime drake (Lair:5)
  2 blink frogs
  2 small abominations (Lair:5)
  A basilisk (Lair:5)
  2 vampire mosquitoes (D:13)
  A naga (Snake:1)
  2 orc warriors (Orc:2)
  A deep troll simulacrum (D:14)
  An orc priest (Orc:2)
  A gnoll bouda (Orc:1)
  2 gnolls (Orc:1)
  2 orcs (Orc:2)
28 creatures vanquished.

Vanquished Creatures (others)
  A wizard (D:15)
  An orc warrior (Orc:2)
  39 fungi
  64 plants
  5 toadstools (D:2)
  2 withered plants (D:12)
112 creatures vanquished.

Grand Total: 914 creatures vanquished

Notes
Turn   | Place    | Note
-------+----------+-------------------------------------------
     0 | D:1      | Zeldest the Vine Stalker Berserker began the quest for the
                  | Orb.
     0 | D:1      | Reached XP level 1. HP: 11/11 MP: 2/2
   131 | D:1      | Reached XP level 2. HP: 11/16 MP: 3/3
   135 | D:1      | Reached skill level 3 in Axes
   729 | D:2      | Reached XP level 3. HP: 20/20 MP: 4/4
  1104 | D:2      | Reached ** piety under Trog
  1222 | D:2      | Noticed Jessica
  1224 | D:2      | Killed Jessica
  1225 | D:2      | Gained mutation: Your natural rate of healing is unusually
                  | fast. [Vine Stalker growth]
  1225 | D:2      | Reached XP level 4. HP: 24/24 MP: 5/5
  1325 | D:2      | Identified the ring "Cinoemp" {rPois EV+4 Str+3}
  1822 | D:2      | Reached skill level 4 in Axes
  1850 | D:2      | Reached XP level 5. HP: 28/28 MP: 6/6
  2147 | D:3      | Found a faded altar of an unknown god.
  2270 | D:3      | Reached *** piety under Trog
  2280 | D:3      | Reached XP level 6. HP: 33/33 MP: 7/7
  3071 | D:4      | Reached skill level 5 in Axes
  3179 | D:4      | Reached XP level 7. HP: 37/37 MP: 8/8
  3237 | D:4      | You fall into a shaft and drop 3 floors!
  3273 | D:7      | Found a radiant altar of Vehumet.
  3591 | D:5      | Entered Level 5 of the Dungeon
  3666 | D:5      | Found a sparkling altar of Nemelex Xobeh.
  3666 | D:5      | Found a white marble altar of Elyvilon.
  3667 | D:5      | Found a snail-covered altar of Cheibriados.
  3667 | D:5      | Found a basalt altar of Yredelemnul.
  3728 | D:5      | Reached skill level 6 in Axes
  3756 | D:5      | Found a stormy altar of Qazlal.
  3773 | D:5      | Gained mutation: You have razor-sharp teeth. [Vine Stalker
                  | growth]
  3773 | D:5      | Reached XP level 8. HP: 42/42 MP: 9/9
  4781 | D:7      | Noticed Joseph
  4781 | D:7      | Found a staircase to the Ecumenical Temple.
  4790 | Temple   | Entered the Ecumenical Temple
  4799 | Temple   | Reached skill level 5 in Fighting
  4841 | Temple   | Reached **** piety under Trog
  4894 | Temple   | Reached skill level 7 in Axes
  5310 | D:7      | Killed Joseph
  5311 | D:7      | Reached XP level 9. HP: 41/48 MP: 8/10
  5391 | D:8      | Found the +6 shillelagh "Devastator" {shatter}
  5418 | D:8      | Noticed a vault sentinel
  5418 | D:8      | Noticed a vault sentinel
  5458 | D:7      | Killed a vault sentinel
  5459 | D:7      | Reached skill level 8 in Axes
  5459 | D:7      | Reached skill level 5 in Armour
  5528 | D:8      | Noticed Maggie
  5543 | D:7      | Killed a vault sentinel
  5558 | D:7      | Killed Maggie
  5736 | D:8      | Found a shimmering altar of Xom.
  5797 | D:8      | Found a shimmering blue altar of Sif Muna.
  5797 | D:8      | Found a broken altar of Ashenzari.
  5827 | D:8      | Found a hazy altar of Hepliaklqana.
  5862 | D:8      | Found the +18 shield of the Gong {rElec rN+ Will+ EV-5}
  5945 | D:8      | Reached ***** piety under Trog
  5980 | D:8      | Reached XP level 10. HP: 39/53 MP: 8/11
  5988 | D:8      | Reached skill level 9 in Axes
  5988 | D:8      | Reached skill level 1 in Shields
  6235 | D:9      | Noticed Erica
  6243 | D:9      | Killed Erica
  6442 | D:9      | Reached skill level 10 in Axes
  6561 | D:9      | Found a staircase to the Orcish Mines.
  6676 | D:9      | Found a sacrificial altar of Ru.
  6903 | D:10     | Entered Level 10 of the Dungeon
  6942 | D:10     | Received a gift from Trog
  6944 | D:10     | Reached XP level 11. HP: 58/58 MP: 12/12
  7151 | D:10     | Noticed a two-headed ogre
  7160 | D:10     | Killed a two-headed ogre
  7385 | D:10     | Found a staircase to the Lair.
  7466 | Lair:1   | Entered Level 1 of the Lair of Beasts
  7558 | Lair:1   | Reached skill level 11 in Axes
  8172 | Lair:2   | Reached skill level 5 in Shields
  8208 | Lair:2   | Reached XP level 12. HP: 65/65 MP: 13/13
  8538 | Lair:2   | Identified the ring "Xaiv" {Ice rElec Int-2 Dex+4 SInv}
  8898 | Lair:3   | Reached skill level 12 in Axes
  8939 | Lair:3   | Noticed a death yak
  8940 | Lair:3   | Noticed a death yak
  8940 | Lair:3   | Noticed a death yak
  8940 | Lair:3   | Noticed a death yak
  8945 | Lair:3   | Noticed a death yak
  8946 | Lair:3   | Noticed a death yak
  8961 | Lair:3   | Killed a death yak
  9078 | Lair:3   | Noticed Sonja
  9117 | Lair:3   | Killed Sonja
  9191 | Lair:3   | Found a staircase to the Swamp.
  9246 | Lair:3   | Noticed Kirke
  9248 | Lair:3   | Noticed a sphinx
  9257 | Lair:3   | Received a gift from Trog
  9258 | Lair:3   | Reached skill level 13 in Axes
  9262 | Lair:3   | Killed Kirke
  9263 | Lair:3   | Reached XP level 13. HP: 58/70 MP: 14/14
  9287 | Lair:3   | Found a staircase to the Snake Pit.
  9958 | Lair:4   | Reached skill level 10 in Fighting
 10188 | Lair:4   | Identified the +1 chain mail of Madgh {+Inv rC+ rN+ Will-}
 10479 | Lair:5   | Entered Level 5 of the Lair of Beasts
 10564 | Lair:5   | Reached skill level 14 in Axes
 10702 | Lair:5   | Reached XP level 14. HP: 66/77 MP: 15/15
 10833 | Lair:5   | Received a gift from Trog
 11349 | Lair:5   | Found a corrupted altar of Lugonu.
 11349 | Lair:5   | Found a one-way gate to the infinite horrors of the Abyss.
 11447 | Lair:5   | Found a staircase to the Slime Pits.
 12292 | D:11     | Found Jetocwuf's Weapon Boutique.
 12717 | D:12     | Found a runed translucent door.
 12717 | D:12     | Noticed Newt's ghost (journeyman DsGl)
 12777 | D:12     | Reached skill level 15 in Axes
 13112 | D:12     | Found a portal to a secret trove of treasure.
 13724 | D:12     | Killed Newt's ghost
 13729 | D:12     | Identified the +5 plate armour of Sezyor {Harm +Inv rN+++
                  | Dex-3}
 13766 | D:13     | Reached skill level 10 in Armour
 13974 | D:13     | Identified the +1 scale mail of Vanity {*Slow Str+6 Dex+3
                  | Slay+3}
 14108 | D:13     | Paralysed by a floating eye for 2 turns
 14123 | D:13     | Reached skill level 5 in Dodging
 14124 | D:13     | Found a gate leading to a gauntlet.
 14154 | D:13     | Reached XP level 15. HP: 81/83 MP: 14/16
 14156 | Gauntlet | Entered a Gauntlet
 14156 | Gauntlet | Found a transporter.
 14163 | Gauntlet | Found a transporter.
 14165 | Gauntlet | Found a transporter.
 14170 | Gauntlet | Found a runed translucent door.
 14172 | Gauntlet | Found a runed translucent door.
 14174 | Gauntlet | Found a transporter.
 14177 | Gauntlet | Found a transporter.
 14186 | Gauntlet | Found a transporter.
 14202 | Gauntlet | Found a transporter.
 14213 | Gauntlet | Found a transporter.
 14225 | Gauntlet | Found a transporter.
 14230 | Gauntlet | Found a transporter.
 14247 | Gauntlet | Found a transporter.
 14259 | Gauntlet | Found a transporter.
 14260 | Gauntlet | Found a transporter.
 14310 | Gauntlet | Found a transporter.
 14429 | Gauntlet | Identified the ring "Fisuv" {rPois rCorr}
 14455 | Gauntlet | Identified the +5 pair of gloves "Epnedong" {Int+2}
 14498 | Gauntlet | Identified the +7 scimitar "Etoashrud" {vamp, Will+ Str-2
                  | Dex+7 Stlth+}
 14498 | Gauntlet | Identified the ring of Dogma {*Corrode rPois Will+ Str+2
                  | Int+6}
 14606 | D:13     | Identified the +0 leather armour of Impish Lucidity {-Tele
                  | Rampage +Inv Slay+5}
 14710 | D:13     | Reached skill level 1 in Evocations
 14741 | D:13     | Found a gate to the Vaults.
 15110 | D:14     | Identified the +9 chain mail "Dangusi" {rN+ Int+4}
 15122 | D:14     | Identified the ring of the Lotus Blossom {Str+6 Dex+2}
 15168 | D:14     | Received a gift from Trog
 15425 | D:14     | Found a frozen archway.
 15587 | IceCv    | Entered an ice cave
 15621 | IceCv    | Reached skill level 16 in Axes
 15986 | IceCv    | Reached skill level 10 in Shields
 15997 | IceCv    | Noticed a frost giant
 15997 | IceCv    | Noticed a frost giant
 16000 | IceCv    | Noticed a frost giant
 16001 | IceCv    | Killed a frost giant
 16005 | IceCv    | Killed a frost giant
 16019 | IceCv    | Killed a frost giant
 16020 | IceCv    | Reached XP level 16. HP: 88/88 MP: 17/17
 16571 | D:15     | Entered Level 15 of the Dungeon
 16638 | D:15     | Received a gift from Trog
 16652 | D:15     | Found a staircase to the Depths.
 17568 | Snake:1  | Entered Level 1 of the Snake Pit
 17584 | Snake:1  | Noticed Jorgrun
 17595 | Snake:1  | Killed Jorgrun
 18055 | Snake:1  | Found Weuwnak's Magic Scroll Shop.
 18063 | Snake:1  | Bought a scroll of identify for 24 gold pieces
 18063 | Snake:1  | Bought a scroll of identify for 24 gold pieces
 18063 | Snake:1  | Bought a scroll of enchant armour for 90 gold pieces
 18063 | Snake:1  | Bought a scroll of identify for 24 gold pieces
 18063 | Snake:1  | Bought a scroll of identify for 24 gold pieces
 18063 | Snake:1  | Identified 2 scrolls of acquirement
 18174 | D:12     | You paid a toll of 2 scrolls of acquirement to enter a
                  | treasure trove
 18175 | Trove    | Entered a treasure trove
 18190 | Trove    | Identified the ring "Lynned" {rPois rC+ Will+ Dex+6 Slay+2}
 18194 | Trove    | Identified the ring "Povia" {rElec MP+9}
 18203 | Trove    | Identified the amulet of Vestrowk {Acrobat Harm Str+6
                  | Slay-4 SInv}
 18205 | Trove    | Identified the ring "Hijim" {rPois rF+ Str-3 Int+5}
 18732 | Snake:1  | Found Wiusho's Jewellery Boutique.
 18732 | Snake:1  | Found Imoratoso's Book Emporium.
 18733 | Snake:1  | Found Wuunid's Book Emporium.
 19085 | Snake:2  | Reached skill level 5 in Evocations
 19155 | Snake:2  | Reached skill level 17 in Axes
 19166 | Snake:2  | Received a gift from Trog
 19208 | Snake:2  | Found Ukhla's General Store.
 19213 | Snake:2  | Found Mootone's Jewellery Shop.
 19264 | Snake:2  | Found Purphow's Weapon Shop.
 19973 | Orc:1    | Entered Level 1 of the Orcish Mines
 19975 | Orc:1    | Noticed Snorg
 19979 | Orc:1    | Noticed Harold
 19984 | Orc:1    | Killed Snorg
 19996 | Orc:1    | Reached XP level 17. HP: 94/94 MP: 12/18
 20002 | Orc:1    | Killed Harold
 20010 | Orc:1    | Noticed Nergalle
 20015 | Orc:1    | Killed Nergalle
 20127 | Orc:2    | Entered Level 2 of the Orcish Mines
 20267 | Orc:2    | Found Cimil's Jewellery Boutique.
 20382 | Orc:2    | Found Voumoy Fiafi's Antique Weapon Shop.
 20420 | Orc:2    | Found Hasuir's Antique Armour Boutique.
 20428 | Orc:2    | Bought a fine plate armour for 868 gold pieces
 20428 | Orc:2    | Identified the +1 plate armour "Louvvu" {rC+ Regen+ Dex-3}
                  | (You bought it in a shop on level 2 of the Orcish Mines)
 20439 | Orc:2    | Bought a polished plate armour for 868 gold pieces
 20439 | Orc:2    | Identified the +1 plate armour "Iwout" {Harm Stlth+} (You
                  | bought it in a shop on level 2 of the Orcish Mines)
 20484 | Orc:2    | Found a staircase to the Elven Halls.
 20688 | Orc:2    | Found Vimnawy's General Store.
 20797 | Orc:1    | Noticed Josephine
 20814 | Orc:1    | Killed Josephine
 22465 | Snake:4  | Entered Level 4 of the Snake Pit
 22522 | Snake:4  | Found a transporter.
 22523 | Snake:4  | Found a transporter.
 22598 | Snake:4  | Noticed a quicksilver dragon
 22606 | Snake:4  | Killed a quicksilver dragon
 22614 | Snake:4  | Noticed a quicksilver dragon
 22622 | Snake:4  | Received a gift from Trog
 22631 | Snake:4  | Killed from afar by a quicksilver dragon

Illustrated notes

Levels and vault maps discovered:
D:1:      moated_graveyard_arrival, layout_basic, chequers_serial_rivers_large_a
D:2:      cheibrodos_fertilizer, layout_basic, uniq_jessica
D:3:      minmay_spotlight, layout_basic, hellmonk_ecumenical_altar_crossroads,
          serial_rivers, chequers_serial_rivers_micro_a,
          chequers_serial_rivers_small_b, chequers_serial_rivers_micro_e,
          chequers_serial_rivers_small_a, goddamned_bats
D:4:      layout_basic
D:5:      layout_basic, chequers_temple_overflow_statue_of_worship,
          nicolae_qazlal_scattered_showers
D:6:      layout_gridville
D:7:      layout_rooms, kennysheep_mini_moat, minmay_temple_entry_mini_moons,
          minmay_door_square, dk_noncrumbling_3, minmay_liquid_box, uniq_joseph
D:8:      layout_basic, xom_teletrap_fun, kennysheep_little_box,
          gammafunk_temple_overflow_statue, hellmonk_guarded_unrand_gong,
          uniq_maggie
D:9:      layout_irregular_city, general_overflow_altar, david_orc_3, hex_tiny,
          nicolae_straight_to_the_point, uniq_erica
D:10:     layout_long_grid, lair_entry_dummy
D:11:     layout_grid_maze, serial_shops, nicolae_shop_advertising_works
          [nicolae_subvault_shop_adworks], hangedman_decor_opposing
D:12:     layout_layer_cave, gammafunk_ghost_grave, enter_trove_0,
          nicolae_eternal_life
D:13:     layout_stronghold, erik_vaults_1, gauntlet_entry_generic
D:14:     layout_cave_pods, portal_ice_cave_entry_ice_simulacra,
          minmay_misc_feat_x
D:15:     grunt_enter_depths_magical_seal, layout_irregular_city,
          chequers_serial_rivers_small_3, drop_trap
Temple:   nicolae_temple_ecumenical_triangle
Lair:1:   layout_gridlike, beast_lair_carwin_1
Lair:2:   layout_loops_ring, gammafunk_lair_bear_cave, grunt_megastairs_3,
          infiniplex_staircase_pool, serial_bayou_shore_b
Lair:3:   layout_misc_corridors, minmay_swamp_entry_swarm,
          minmay_snake_entry_six_corridors, uniq_kirke, uniq_sonja
Lair:4:   layout_big_grid, serial_forest, infiniplex_forest_straight_2,
          infiniplex_forest_clump_cross, infiniplex_forest_clump_tiny,
          infiniplex_forest_end_3, infiniplex_forest_lined_2,
          infiniplex_forest_end_1, infiniplex_forest_corner_1,
          beast_lair_carwin_4
Lair:5:   hellmonk_lair_end_abyssal_woods, layout_loops_ring,
          minmay_slime_entry_pillars
Snake:1:  layout_layer_cave, serial_shops, nicolae_shop_trees,
          nicolae_snake_salamander_fort, grunt_megastairs_2, minmay_shop_grove,
          uniq_jorgrun
Snake:2:  layout_gridlike, serial_shops, shop, minmay_shop_star,
          lemuel_fruit_tree
Snake:3:  layout_chambers
Snake:4:  hellmonk_snake_rune_quicksilver_temple, layout_basic,
          ebering_ghost_gozag, st_stairs_5, serial_nicolae_subway,
          nicolae_sub_station_metal, nicolae_sub_station_stone,
          nicolae_sub_station_crystal
Orc:1:    layout_diamond_mine, uniq_nergalle, uniq_josephine, uniq_harold,
          uniq_snorg
Orc:2:    grunt_orc_gardens, layout_diamond_mine, grunt_orc_garden,
          grunt_orc_garden, grunt_orc_garden, grunt_orc_garden

Skill      XL: |  1  2  3  4  5  6  7  8  9 10 11 12 13 14 15 16 17 |
---------------+----------------------------------------------------+-----
Axes           | 3 4 5 6 7 8 10 11 13 14 15 16 17 | 17.8
Fighting       | 3 4 5 6 7 8 9 10 11 12 13 | 13.0
Armour         | 2 3 4 5 6 7 8 9 10 11 | 11.9
Dodging        | 3 5 6 7 8 |  8.1
Shields        | 3 5 7 8 9 10 11 | 11.3
Evocations     | 3 5 6 |  6.4

Action                   |  1- 3 |  4- 6 |  7- 9 | 10-12 | 13-15 | 16-18 || total
-------------------------+-------+-------+-------+-------+-------+-------++-------
Melee: Hand axe          |    70 |   130 |   134 |       |       |       ||   334
       Bite              |     7 |    31 |    64 |   122 |   270 |   216 ||   710
       Punch             |     1 |       |     5 |       |       |       ||     6
       War axe           |       |       |    79 |   391 |   254 |       ||   724
       Broad axe         |       |       |       |       |   438 |   546 ||   984
       Scimitar          |       |       |       |       |    15 |       ||    15
Throw: Dart              |       |       |     1 |       |       |       ||     1
Invok: Berserk           |     3 |     1 |     5 |     1 |     5 |     5 ||    20
       Trog's Hand       |       |       |     1 |     3 |     4 |     6 ||    14
       Brothers in Arms  |       |       |       |     1 |     5 |     4 ||    10
Evoke: Condenser vane    |       |       |       |       |     1 |       ||     1
  Use: Scroll            |     3 |     3 |     1 |     3 |    15 |    13 ||    38
       Potion            |       |       |       |     1 |       |     1 ||     2
 Stab: Sleeping          |     2 |       |       |       |       |       ||     2
       Distracted        |       |       |       |       |       |     1 ||     1
Armor: Animal skin       |     5 |       |       |       |       |       ||     5
       Scale mail        |    19 |    53 |    37 |       |       |       ||   109
       Plate armour      |       |       |    33 |    88 |   114 |    59 ||   294
       Ice dragon scales |       |       |       |       |    25 |     1 ||    26
       Chain mail        |       |       |       |       |       |    81 ||    81
Dodge: Dodged            |    40 |   105 |   147 |    76 |   115 |    58 ||   541
Block: Other             |     3 |    33 |    60 |       |       |       ||    96
       Kite shield       |       |       |    28 |   645 |   950 |   847 ||  2470
       Reflection        |       |       |     1 |     9 |    47 |   110 ||   167

Table legend: (Time is in decaauts)
 A = Elapsed time spent in this place.
 B = Non-inter-level travel time spent in this place.
 C = Inter-level travel time spent in this place.
 D = Time resting spent in this place.
 E = Time spent auto-exploring this place.
 F = Levels seen in this place.
 G = Mean time per level.
                   A        B        C        D        E       F      G
               +--------+--------+--------+--------+--------+-----+--------+
         Total |  22841 |  21132 |   1709 |    932 |  15365 |  30 |  761.4 |
       Dungeon |  12475 |  11595 |    880 |    580 |   8776 |  15 |  831.7 |
        Temple |    128 |    128 |      0 |     54 |      0 |   1 |  128.0 |
          Lair |   4575 |   4087 |    488 |    185 |   2857 |   5 |  915.0 |
     Snake Pit |   3467 |   3291 |    176 |     97 |   2564 |   4 |  866.8 |
  Orcish Mines |   1178 |   1014 |    164 |      0 |    747 |   2 |  589.0 |
         Trove |     39 |     39 |      0 |      0 |      0 |   1 |   39.0 |
      Ice Cave |    571 |    571 |      0 |      0 |    225 |   1 |  571.0 |
      Gauntlet |    404 |    404 |      0 |     15 |    194 |   1 |  404.0 |
               +--------+--------+--------+--------+--------+-----+--------+

Top non-repeatable levels by time:
     D:2: 1378 daAuts
    D:12: 1377 daAuts
 Snake:1: 1353 daAuts
  Lair:5: 1326 daAuts
 Snake:3: 1179 daAuts
  Lair:3: 1146 daAuts
     D:3: 1043 daAuts
    D:14: 1009 daAuts
    D:13: 899 daAuts
    D:15: 859 daAuts
  Lair:2: 846 daAuts
     D:9: 832 daAuts
     D:5: 825 daAuts
 Snake:2: 778 daAuts
   Orc:2: 761 daAuts
